 Dungeon Crawl Stone Soup version 0.28-a0-563-gf77a47075d (webtiles) character file.

Game seed: 10050618226469283313

480337 miscthings the Slayer (level 24, -2/210 HPs)
             Began as a Barachi Cinder Acolyte on Sept 29, 2021.
             Was the Champion of Cheibriados.
             Killed from afar by an ancient lich (85 damage)
             ... with a crystal spear
             ... on level 5 of the Vaults on Sept 30, 2021.
             The game lasted 02:23:14 (49899 turns).

miscthings the Slayer (Barachi Cinder Acolyte)     Turns: 49899, Time: 02:23:15

Health: -2/210     AC: 43    Str: 33    XL:     24   Next: 84%
Magic:  39/39      EV: 26    Int: 30    God:    Cheibriados [******]
Gold:   1692       SH: 12    Dex: 32    Spells: 29/47 levels left

rFire   + + .      SeeInvis .   r - +9 demon blade (elec)
rCold   + . .      Faith    .   W - +2 buckler {rC+}
rNeg    + + +      Spirit   .   x - +9 plate armour "Kozaur" {rF+ rN++ Int-4 Dex+3}
rPois   +          Reflect  .   z - +2 helmet of the Distant Future {rN+ Will+ Int-5 Slay+3}
rElec   +          Harm     .   I - +2 cloak {rCorr}
rCorr   +          Rampage  .   h - +2 pair of gloves
Will    ++...                   K - +0 pair of boots {Stlth+}
Stlth   ..........              P - amulet of regeneration
HPRegen 1.45/turn               A - +4 ring of slaying
MPRegen 0.26/turn               n - ring "Fidghok" {rElec rPois Int+6 Stlth+}

@: unable to hop, studying 3 skills, very slow
A: amphibious, slowness 1, strong legs 2, +LOS, iridescent scales 1, fire
resistance 1, sense surroundings 1
}: 2/15 runes: serpentine, barnacled
a: Hop, Renounce Religion, Bend Time, Temporal Distortion, Slouch, Step From
Time


You were on level 5 of the Vaults.
You worshipped Cheibriados.
Cheibriados was exalted by your worship.
You visited 8 branches of the dungeon, and saw 40 of its levels.
You also visited: Sewer, Bailey, Ice Cave and Volcano.

You collected 5047 gold pieces.
You spent 3355 gold pieces at shops.

Inventory:

Hand Weapons
 r - a +9 demon blade of electrocution (weapon)
 X - a +4 long sword of holy wrath
Missiles
 o - 7 silver javelins
 u - 4 throwing nets
 w - 4 curare-tipped darts (quivered)
Armour
 h - a +2 pair of gloves (worn)
 x - the +9 plate armour "Kozaur" (worn) {rF+ rN++ Int-4 Dex+3}
   (You found it on level 1 of the Vaults)

   Int:       It affects your intelligence (-4).
   Dex:       It affects your dexterity (+3).
   rF:        It protects you from fire.
   rN:        It greatly protects you from negative energy.
 z - the +2 helmet of the Distant Future (worn) {rN+ Will+ Int-5 Slay+3}
   (You found it on level 2 of the Shoals)

   Int:       It affects your intelligence (-5).
   Slay:      It affects your accuracy & damage with ranged weapons and melee
   (+3).
   rN:        It protects you from negative energy.
   Will:      It increases your willpower.
 I - a +2 cloak of preservation (worn)
 J - the +3 hat of Pondering {ponderous, Will+ MP+10 Int+5}
   (You took it off Gastronok on level 11 of the Dungeon)

   Int:       It affects your intelligence (+5).
   MP:        It affects your magic capacity (+10).
   Will:      It increases your willpower.
 K - a +0 pair of boots of stealth (worn)
 W - a +2 buckler of cold resistance (worn)
Jewellery
 n - the ring "Fidghok" (right hand) {rElec rPois Int+6 Stlth+}
   (You bought it in a shop on level 4 of the Snake Pit)

   [ring of intelligence]

   Int:       It affects your intelligence (+6).
   rElec:     It insulates you from electricity.
   rPois:     It protects you from poison.
   Stlth:     It makes you more stealthy.
 s - the ring "Rymy" {Fly rF+ Int+6}
   (You took it off a deep elf annihilator on level 3 of the Elven Halls)

   [ring of intelligence]

   Int:       It affects your intelligence (+6).
   rF:        It protects you from fire.
   Fly:       It grants you flight.
 A - a +4 ring of slaying (left hand)
 B - a ring of protection from cold
 D - a ring of see invisible
 N - a ring of positive energy
 P - an amulet of regeneration (around neck)
 Y - the ring of Gidairgh {rF+ rC- Will+ Str+6 Slay+3}
   (You found it on level 4 of the Vaults)

   [ring of willpower]

   Str:       It affects your strength (+6).
   Slay:      It affects your accuracy & damage with ranged weapons and melee
   (+3).
   rF:        It protects you from fire.
   rC:        It makes you vulnerable to cold.
   Will:      It increases your willpower.
 Z - the ring of Borutin {Wiz Str+3}
   (You found it on level 1 of the Vaults)

   [ring of wizardry]

   It improves your spell success rate.
   Str:       It affects your strength (+3).
Wands
 a - a wand of digging (3)
 b - a wand of acid (6)
 E - a wand of mindburst (49)
 F - a wand of charming (6)
 G - a wand of iceblast (47)
 T - a wand of paralysis (25)
Scrolls
 f - 6 scrolls of magic mapping
 g - 17 scrolls of teleportation
 p - 9 scrolls of vulnerability
 t - 2 scrolls of summoning
 v - 8 scrolls of fear
 y - 2 scrolls of fog
 Q - 3 scrolls of blinking
 S - 4 scrolls of immolation
 V - 2 scrolls of holy word
Potions
 d - 13 potions of curing
 e - 3 potions of resistance
 i - 2 potions of cancellation
 j - 6 potions of mutation
 k - 12 potions of heal wounds
 l - 5 potions of attraction
 m - 6 potions of invisibility
 C - 7 potions of flight
 H - 8 potions of lignification
 L - 4 potions of brilliance
 M - 6 potions of magic
 O - 2 potions of ambrosia
 U - 3 potions of might
Miscellaneous
 c - a condenser vane
 q - a tin of tremorstones (2/2)
 R - a box of beasts


   Skills:
 - Level 22.0 Fighting
 - Level 10.8(13.1) Short Blades
 - Level 13.2(15.0) Long Blades
 - Level 6.0 Throwing
 - Level 19.5 Armour
 - Level 17.9 Dodging
 - Level 15.0 Shields
 - Level 12.2 Spellcasting
 + Level 17.9 Fire Magic
 - Level 12.3 Invocations
 - Level 12.0 Evocations


You had 29 spell levels left.
You knew the following spells:

 Your Spells              Type           Power      Damage    Failure   Level
a - Scorch                Fire           100%       2d10      0%          2
b - Ignition              Fire           45%        3d13      41%         8
c - Necromutation         Tmut/Necr      9%         N/A       100%        8

Your spell library contained the following spells:

 Spells                   Type           Power      Damage    Failure   Level
 Conjure Flame            Conj/Fire      64%        6-21      1%          3
 Ignite Poison            Fire/Tmut/Pois 53%        N/A       2%          3
 Flame Wave               Conj/Fire      64%        3d11      2%          4
 Sticky Flame             Conj/Fire      64%        2d8       2%          4
 Fireball                 Conj/Fire      32%        3d14      7%          5
 Animate Skeleton         Necr           36%        N/A       11%         1
 Apportation              Tloc           36%        N/A       11%         1
 Pain                     Necr           72%        1d7       11%         1
 Sandblast                Erth           36%        2d10      11%         1
 Summon Small Mammal      Summ           72%        N/A       11%         1
 Blink                    Tloc           N/A        N/A       16%         2
 Corpse Rot               Necr/Air       N/A        N/A       16%         2
 Ensorcelled Hibernation  Hex/Ice        36%        N/A       16%         2
 Passwall                 Tmut/Erth      15%        N/A       16%         2
 Sublimation of Blood     Necr           9%         N/A       16%         2
 Call Canine Familiar     Summ           18%        N/A       30%         3
 Gell's Gravitas          Tloc           9%         N/A       30%         3
 Lesser Beckoning         Tloc           18%        N/A       30%         3
 Mephitic Cloud           Conj/Pois/Air  18%        N/A       30%         3
 Portal Projectile        Hex/Tloc       36%        N/A       30%         3
 Spider Form              Tmut/Pois      9%         N/A       30%         3
 Stone Arrow              Conj/Erth      36%        3d9       30%         3
 Summon Guardian Golem    Hex/Summ       18%        N/A       30%         3
 Teleport Other           Tloc           18%        N/A       30%         3
 Tukima's Dance           Hex            18%        N/A       30%         3
 Vampiric Draining        Necr           9%         2d7       30%         3
 Starburst                Conj/Fire      32%        6d10      36%         6
 Animate Armour           Summ/Erth      36%        N/A       71%         4
 Cause Fear               Hex            9%         N/A       71%         4
 Dispel Undead            Necr           18%        3d11      71%         4
 Passage of Golubria      Tloc           N/A        N/A       71%         4
 Petrify                  Tmut/Erth      18%        N/A       71%         4
 Summon Ice Beast         Ice/Summ       18%        N/A       71%         4
 Alistair's Intoxication  Tmut/Pois      12%        N/A       96%         5
 Blade Hands              Tmut           9%         N/A       96%         5
 Borgnjor's Vile Clutch   Necr/Erth      9%         N/A       96%         5
 Excruciating Wounds      Necr           9%         N/A       96%         5
 Freezing Cloud           Conj/Ice/Air   9%         6-21      96%         5
 Lee's Rapid Deconstruct  Erth           9%         3d8*      96%         5
 Manifold Assault         Tloc           18%        N/A       96%         5
 Metabolic Englaciation   Hex/Ice        9%         N/A       96%         5
 Silence                  Hex/Air        9%         N/A       96%         5
 Summon Forest            Summ/Tloc      9%         N/A       96%         5
 Summon Mana Viper        Hex/Summ       18%        N/A       96%         5
 Yara's Violent Unravell  Hex/Tmut       9%         3d6       96%         5
 Death Channel            Necr           9%         N/A       100%        6
 Eringya's Noxious Bog    Tmut/Pois      9%         N/A       100%        6
 Invisibility             Hex            9%         N/A       100%        6
 Iron Shot                Conj/Erth      9%         9d3       100%        6
 Statue Form              Tmut/Erth      12%        N/A       100%        6
 Summon Cactus Giant      Summ           9%         N/A       100%        6
 Dragon Form              Tmut           9%         N/A       100%        7
 Malign Gateway           Summ/Tloc      9%         N/A       100%        7
 Monstrous Menagerie      Summ           9%         N/A       100%        7
 Orb of Destruction       Conj           9%         9d4       100%        7
 Spellforged Servitor     Conj/Summ      9%         N/A       100%        7
 Borgnjor's Revivificati  Necr           9%         N/A       100%        8
 Lehudib's Crystal Spear  Conj/Erth      9%         10d4      100%        8
 Death's Door             Necr           9%         N/A       100%        9
 Dragon's Call            Summ           9%         N/A       100%        9


Dungeon Overview and Level Annotations

Branches:
Dungeon (15/15)            Temple (1/1) D:7            Lair (6/6) D:10
 Shoals (4/4) Lair:2        Snake (4/4) Lair:3        Slime (0/5) Lair:5
    Orc (2/2) D:11            Elf (3/3) Orc:2        Vaults (5/5) D:14
  Crypt (0/3) Vaults:2     Depths (0/4) D:15          Sewer (visited)
 Bailey (visited)           IceCv (visited)         Volcano (visited)

Altars:
Ashenzari
Cheibriados
Dithmenos
Elyvilon
Fedhas
Gozag
Hepliaklqana
Kikubaaqudgha
Makhleb
Nemelex Xobeh
Okawaru
Ru
Sif Muna
Uskayaw
Vehumet
Wu Jian
Xom
Yredelemnul
Zin
Beogh

Shops:
D:1 (*[(   D:15 =   Orc:2 [(?(   Snake:1 ?[   Snake:3 !(   Snake:4 :=:(
Vaults:4 (![

Annotations:
D:14 2 runed translucent doors, Spaninq's ghost, adept DEFE
Lair:4 2 runed translucent doors, Dobruq's ghost, journeyman OgTm
Elf:3 2 exclusions
Vaults:5 Xtahua
Abyss:1 Erica


Innate Abilities, Weirdness & Mutations

You are amphibious.
You cover ground slowly.
You can hop long distances.
You have an extended range of vision and can be seen from far away.
You are partially covered in iridescent scales. (AC +2)
Your flesh is heat resistant. (rF+)
You passively map a small area around you.


Message History

You slice the titan!!
The titan is moderately wounded.
You are too injured to fight recklessly!
You slash the titan!
The titan is heavily wounded.
The titan waves its arms in wide circles.
The air twists around and strikes you!
* * * LOW HITPOINT WARNING * * *
You slash the titan!
The titan is heavily wounded.
You are too injured to fight recklessly!
You hit the titan but do no damage.
The titan is heavily wounded.
The titan gestures at you while chanting.
The bolt of lightning misses you.
You slice the titan!!
The titan is severely wounded.
The titan hits you!
* * * LOW HITPOINT WARNING * * *
You slash the titan!
The titan is almost dead.
You slice the titan!!
You kill the titan!
Cheibriados appreciates the change of pace.
An ancient lich comes into view.
The ancient lich shouts!
Xtahua the Ancient comes into view.
Xtahua roars deafeningly!
You hear a deafening roar!
Xtahua roars, "BAH!
BLOODY ADVENTURERS."
The ancient lich mumbles some strange words.
The ancient lich flickers and vanishes!
Deactivating autopickup; reactivate with Ctrl-A.
Xtahua breathes fire at you. The searing blast hits you. You resist.
Xtahua breathes fire at you. The searing blast misses you.
You hear some strange, mumbled words.
A crystal spear appears from out of thin air!
The crystal spear hits you!!!!
You die...

* #..#.....# ###....
,#......}####.......
* #......)##.........
#..#.....(.........
#..#/..............,
, #..##(.............
, #.. ##...........##
, #..#####......####
* #.D@○..§.........,
#...................
#...{################
#.... ,,,, #... ,, ,,
, #### * * * *


You could see Xtahua (catching breath).

Vanquished Creatures
  An ancient lich (Vaults:4)
  The ghost of Qanuace the Warrior, a veteran DsFi of Okawaru (Vaults:1)
  Sojobo (Vaults:1)
  The ghost of Wimurch the Peltast, a veteran GnFi of Qazlal (Vaults:1)
  The ghost of Lukheov the Peltast, a veteran DrWn of Okawaru (Vaults:1)
  The ghost of Budghuxen the Hoplite, a veteran HOFi of Qazlal (Vaults:1)
  The ghost of Fumalo the Warrior, a veteran MiBe of Trog (Vaults:1)
  4 golden dragons (Vaults:5)
  The ghost of Siol the Slayer, an adept OgEn of Okawaru (Vaults:1)
  The ghost of Xafer the Impaler, an adept DsGl of Okawaru (Vaults:1)
  2 deep elf blademasters (Elf:3)
  Asterion (Vaults:1)
  2 deep elf master archers (Elf:3)
  4 titans (Vaults:5)
  4 sphinxes
  Polyphemus (Shoals:4)
  Gastronok (D:11)
  An ancient champion (Vaults:1)
  The ghost of Forgeling the Bewitcher, an adept FeEn of Dithmenos (Vaults:1)
  Frances (Elf:1)
  A storm dragon (Vaults:5)
  5 tengu reavers
  A shadow dragon (Vaults:4)
  Kirke (Shoals:4)
  Agnes (Elf:1)
  Roxanne (Elf:2)
  6 nagarajas
  4 fire giants (Vaults:5)
  An iron dragon (Vaults:5)
  5 deep elf sorcerers (Elf:3)
  5 frost giants
  A draconian knight (Vaults:1)
  4 orc warlords
  12 vault wardens
  Aizul (Elf:1)
  2 deep elf elementalists (Elf:3)
  5 very ugly things
  A spriggan defender (Vaults:1)
  A quicksilver ooze (shapeshifter) (Vaults:5)
  16 ironbound preservers
  3 war gargoyles
  7 deep elf demonologists
  Nessos (D:12)
  A vampire knight (Vaults:2)
  7 stone giants
  10 deep elf annihilators
  2 entropy weavers
  7 dire elephants
  6 ettins
  Snorg (Lair:3)
  2 crystal guardians
  5 deep elf death magi
  3 merfolk javelineers (Shoals:4)
  A merfolk impaler (Shoals:1)
  12 yaktaur captains
  3 deep elf high priests
  A jiangshi (Vaults:2)
  8 hydras
  A rakshasa (D:15)
  4 peacekeepers
  6 ironbound thunderhulks
  12 naga warriors
  28 vault guards
  11 boulder beetles
  3 salamander tyrants
  3 merfolk aquamancers
  4 ogre magi
  7 anacondas
  5 alligator snapping turtles
  7 ironbound frosthearts
  2 merfolk avatars (Shoals:3)
  5 catoblepae
  25 centaur warriors
  16 death yaks
  An anaconda (shapeshifter) (Vaults:5)
  22 dancing weapons
  7 two-headed ogres
  A hell hog (Volcano)
  Urug (Lair:6)
  10 naga sharpshooters
  10 shock serpents
  2 orc high priests
  16 deep elf knights
  Nergalle (D:11)
  8 salamander mystics
  2 fire crabs (Shoals:3)
  12 sea snakes
  A flayed ghost (Vaults:5)
  31 deep trolls
  2 bog bodies (Shoals:2)
  2 glowing orange brains
  19 harpies
  29 deep elf zephyrmancers
  11 wizards
  8 naga ritualists
  8 lindwurms
  A phantasmal warrior (Vaults:5)
  6 deep elf archers
  15 ironbound convokers
  22 deep elf pyromancers
  A lindwurm (shapeshifter) (Vaults:5)
  7 orc sorcerers
  17 orc knights
  9 mana vipers
  4 fauns (Shoals:2)
  47 ugly things
  13 manticores
  16 salamanders
  13 cyclopes
  A moth of wrath (shapeshifter) (D:14)
  10 elephants
  Maurice (D:9)
  32 black mambas
  6 centaur zombies
  An ice statue (IceCv)
  7 guardian serpents
  8 merfolk sirens
  5 water nymphs
  21 vault sentinels
  18 naga magi
  A centaur skeleton (D:11)
  8 cane toads
  2 unseen horrors (D:12)
  3 rime drakes
  A kobold demonologist (D:13)
  10 komodo dragons
  32 yaktaurs
  An efreet (D:13)
  7 freezing wraiths
  11 trolls
  11 wind drakes
  3 meliai
  23 merfolk
  A wolf spider simulacrum (D:15)
  A hornet (Lair:5)
  11 snapping turtles
  8 polar bears
  12 blink frogs
  2 raiju (shapeshifter)
  18 dream sheep
  A dream sheep (shapeshifter) (D:15)
  A flying skull (Vaults:2)
  40 slime creatures
  A centaur simulacrum (D:11)
  9 water elementals
  4 air elementals
  2 redbacks (Vaults:1)
  2 shadows
  5 basilisks
  A spriggan (shapeshifter) (D:14)
  5 wyverns
  63 yaks
  A wraith (D:13)
  A basilisk (shapeshifter) (D:14)
  4 fire bats
  13 fire elementals
  2 steam dragons (D:8)
  16 vampire mosquitoes
  44 nagas
  3 wargs
  2 acid dragons
  16 water moccasins
  68 orc warriors
  8 sky beasts
  An ice beast (D:7)
  4 black bears
  3 necrophages
  16 centaurs
  21 wolves
  12 ogres
  3 phantoms
  A kobold brigand (Sewer)
  3 earth elementals
  10 bullfrogs
  A water moccasin zombie (D:6)
  15 killer bees
  8 electric eels
  4 howler monkeys
  2 bullfrog zombies
  A jelly (D:4)
  5 hounds
  22 orc priests
  3 iguanas
  34 orc wizards
  A killer bee zombie (D:7)
  3 howler monkey zombies
  9 gnolls
  9 adders
  A river rat (D:6)
  A shadow imp (D:6)
  2 ufetubi (D:6)
  An adder skeleton (D:4)
  2 worms
  3 dart slugs
  146 orcs
  7 ball pythons
  7 bats
  7 endoplasms
  4 giant cockroaches
  7 goblins
  10 hobgoblins
  2 jackals (Sewer)
  7 kobolds
  4 quokkas
  2 frilled lizards
  10 rats
1701 creatures vanquished.

Vanquished Creatures (collateral kills)
  A titan (Vaults:5)
  A sphinx (Vaults:5)
  2 frost giants (Vaults:5)
  A nagaraja (Snake:4)
  2 vault wardens (Vaults:5)
  A deep elf sorcerer (Vaults:5)
  A stone giant (Vaults:5)
  A merfolk javelineer (Shoals:4)
  2 yaktaur captains (Vaults:5)
  An ironbound thunderhulk (Vaults:2)
  A deep elf high priest (Elf:3)
  An ogre mage (Vaults:5)
  A merfolk avatar (Shoals:4)
  A merfolk aquamancer (Shoals:4)
  A two-headed ogre (Vaults:5)
  A naga sharpshooter (Snake:4)
  2 ironbound convokers
  A salamander mystic (Snake:4)
  A naga ritualist (Snake:4)
  A harpy (Shoals:4)
  A vault sentinel (Vaults:5)
  A yaktaur (Vaults:5)
  A merfolk (Shoals:4)
  A water elemental (Shoals:4)
  A naga (Snake:4)
  A floating eye (shapeshifter) (Vaults:5)
  3 ogres (Vaults:5)
  A gnoll sergeant (D:12)
  3 gnolls (D:12)
37 creatures vanquished.

Vanquished Creatures (others)
  A shadow dragon (Vaults:5)
  An orc warlord (Vaults:2)
  A vault warden (Vaults:2)
  A yaktaur captain (Vaults:5)
  A vault guard (Vaults:5)
  2 anacondas (Snake:4)
  2 shock serpents (Snake:4)
  3 deep elf knights
  2 wizards
  2 deep elf pyromancers
  A phantasmal warrior (Vaults:5)
  A deep elf zephyrmancer (Elf:1)
  An unseen horror (D:13)
  A human (Shoals:4)
  A naga (Snake:4)
  An orc priest (Orc:1)
  A butterfly (D:4)
  68 foxfires
  16 fungi
  65 plants
172 creatures vanquished.

Grand Total: 1910 creatures vanquished

Notes
Turn   | Place    | Note
-------+----------+-------------------------------------------
     0 | D:1      | miscthings the Barachi Cinder Acolyte began the quest for
                  | the Orb.
     0 | D:1      | Reached XP level 1. HP: 18/18 MP: 2/2
    84 | D:1      | Found Heuguav's Assorted Antiques.
   129 | D:1      | Reached XP level 2. HP: 18/24 MP: 4/4
   150 | D:1      | Learned a level 2 spell: Scorch
   158 | D:1      | Found Himil's Antique Armour Boutique.
   261 | D:1      | Found Vaowy's Weapon Shop.
   296 | D:1      | Found a faded altar of an unknown god.
   481 | D:1      | Found Muohian's Antique Weapon Boutique.
   514 | D:1      | Reached XP level 3. HP: 27/29 MP: 3/6
  1076 | D:2      | Reached XP level 4. HP: 33/36 MP: 2/8
  1648 | D:3      | Found a basalt altar of Yredelemnul.
  1790 | D:3      | Found a hazy altar of Hepliaklqana.
  1883 | D:3      | Reached skill level 1 in Short Blades
  2121 | D:4      | Reached XP level 5. HP: 41/41 MP: 2/9
  2136 | D:4      | Found an ornate altar of the Wu Jian Council.
  2136 | D:4      | Found a glowing silver altar of Zin.
  2137 | D:4      | Found an opulent altar of Gozag.
  2137 | D:4      | Found a burning altar of Makhleb.
  2318 | D:4      | Found a white marble altar of Elyvilon.
  2706 | D:4      | Reached XP level 6. HP: 47/47 MP: 5/10
  2820 | D:1      | Bought a scroll labelled VETAOCVURA for 17 gold pieces
  2820 | D:1      | Bought a coppery potion for 15 gold pieces
  2820 | D:1      | Bought a scroll labelled QAN XACETEEVA for 17 gold pieces
  2820 | D:1      | Bought a scroll labelled ESONAY FUGOUTS for 17 gold pieces
  2820 | D:1      | Bought a glowing dagger for 85 gold pieces
  3071 | D:5      | Entered Level 5 of the Dungeon
  3117 | D:5      | Noticed an orc warrior
  3216 | D:5      | Reached skill level 5 in Short Blades
  3376 | D:5      | Reached XP level 7. HP: 52/52 MP: 6/11
  3724 | D:5      | Found a hide-covered altar of Uskayaw.
  3731 | D:5      | Reached XP level 8. HP: 59/59 MP: 5/12
  4152 | D:6      | Gained mutation: You are partially covered in iridescent
                  | scales. (AC +2) [potion of mutation]
  4152 | D:6      | Gained mutation: Your flesh is heat resistant. (rF+)
                  | [potion of mutation]
  4152 | D:6      | Gained mutation: You passively map a small area around you.
                  | [potion of mutation]
  4199 | D:6      | Noticed a shadow
  4211 | D:6      | Killed a shadow
  4281 | D:6      | Found a glowing drain.
  4314 | Sewer    | Entered a sewer
  4505 | Sewer    | Found a white marble altar of Elyvilon.
  4586 | D:6      | Reached skill level 10 in Short Blades
  4786 | D:6      | Reached skill level 1 in Armour
  4786 | D:6      | Reached XP level 9. HP: 51/65 MP: 8/13
  4802 | D:6      | Found an ancient bone altar of Kikubaaqudgha.
  4824 | D:6      | Reached skill level 1 in Dodging
  4948 | D:6      | Reached skill level 4 in Fighting
  4948 | D:6      | Reached skill level 1 in Throwing
  5777 | D:7      | Noticed a gargoyle
  5794 | D:7      | Reached skill level 5 in Fighting
  5859 | D:7      | Banished a gargoyle
  6158 | D:7      | Found a shimmering blue altar of Sif Muna.
  6187 | D:7      | Found a staircase to the Ecumenical Temple.
  6309 | D:7      | Reached skill level 6 in Fighting
  6658 | D:7      | Reached XP level 10. HP: 76/76 MP: 9/14
  6900 | D:8      | Reached skill level 5 in Armour
  6930 | D:8      | Reached skill level 5 in Dodging
  7080 | D:8      | Reached skill level 7 in Fighting
  7929 | D:9      | Noticed Maurice
  8169 | D:9      | Reached skill level 8 in Fighting
  8235 | D:9      | Killed Maurice
  8236 | D:9      | Reached skill level 1 in Evocations
  8644 | D:10     | Entered Level 10 of the Dungeon
  8666 | D:10     | Reached XP level 11. HP: 78/87 MP: 10/15
  8989 | D:10     | Found a radiant altar of Vehumet.
  9230 | D:10     | Found a staircase to the Lair.
  9259 | D:10     | Reached skill level 9 in Fighting
  9272 | D:10     | Found a sparkling altar of Nemelex Xobeh.
  9643 | Lair:1   | Entered Level 1 of the Lair of Beasts
 10007 | Lair:1   | Noticed a six-headed hydra
 10021 | Lair:1   | Killed a six-headed hydra
 10022 | Lair:1   | Reached skill level 5 in Evocations
 10093 | Lair:1   | Reached skill level 10 in Fighting
 10516 | Lair:2   | Noticed Erica
 10748 | Lair:2   | Reached XP level 12. HP: 86/98 MP: 1/16
 10784 | Lair:2   | Banished Erica
 10794 | Lair:2   | Found a staircase to the Shoals.
 10925 | Lair:2   | Reached skill level 10 in Armour
 11190 | Lair:3   | Reached skill level 11 in Fighting
 11208 | Lair:3   | Found a staircase to the Snake Pit.
 11311 | Lair:3   | Found a dark tunnel.
 11319 | Volcano  | Entered a volcano
 11463 | Volcano  | Noticed a hell hog
 11477 | Volcano  | Killed a hell hog
 11729 | Lair:3   | Reached skill level 10 in Dodging
 11773 | Lair:3   | Noticed Snorg
 11962 | Lair:3   | Killed Snorg
 12269 | Lair:4   | Noticed a boulder beetle
 12336 | Lair:4   | Gained mutation: You can hop long distances. [Barachi
                  | growth]
 12336 | Lair:4   | Reached XP level 13. HP: 75/107 MP: 7/17
 12355 | Lair:4   | Reached skill level 12 in Fighting
 12473 | Lair:4   | Noticed Dobruq's ghost (journeyman OgTm)
 12485 | Lair:4   | Noticed a minotaur
 12680 | Lair:4   | Identified the +5 dagger of the Doomed Warrior {flame,
                  | Str+4}
 12746 | Lair:4   | Found a runed translucent gate.
 12747 | Lair:4   | Found a runed translucent gate.
 12749 | Lair:4   | Found a runed translucent gate.
 13530 | Lair:5   | Reached skill level 13 in Fighting
 14190 | Lair:5   | Found a staircase to the Slime Pits.
 14286 | Lair:6   | Entered Level 6 of the Lair of Beasts
 14344 | Lair:6   | Reached skill level 10 in Evocations
 14436 | Lair:6   | Reached XP level 14. HP: 112/119 MP: 14/18
 14505 | Lair:6   | Noticed Urug
 14513 | Lair:6   | Killed Urug
 14517 | Lair:6   | Reached skill level 14 in Fighting
 15700 | Lair:6   | Reached skill level 5 in Long Blades
 16168 | D:11     | Noticed Nergalle
 16182 | D:11     | Killed Nergalle
 16629 | D:11     | Found a staircase to the Orcish Mines.
 16931 | D:11     | Noticed Gastronok
 16969 | D:11     | Killed Gastronok
 17478 | D:11     | Reached skill level 10 in Long Blades
 17519 | D:12     | Noticed Nessos
 17536 | D:12     | Killed Nessos
 17598 | D:12     | Reached skill level 1 in Shields
 17620 | D:12     | Reached XP level 15. HP: 122/127 MP: 19/19
 17622 | D:12     | Found a frozen archway.
 17678 | IceCv    | Entered an ice cave
 17865 | IceCv    | Reached skill level 15 in Fighting
 18202 | IceCv    | Reached skill level 5 in Throwing
 18305 | IceCv    | Noticed a frost giant
 18372 | IceCv    | Killed a frost giant
 18392 | IceCv    | Identified the +0 chain mail of the Thistle {Int+3}
 18628 | D:12     | Reached skill level 5 in Shields
 19175 | D:12     | Identified the +0 leather armour of Udihog Heje {rC+ Str+3}
 19256 | D:12     | Identified a scroll of acquirement
 19260 | D:12     | Acquired a +9 quick blade
 19567 | Orc:1    | Entered Level 1 of the Orcish Mines
 19752 | Orc:1    | Noticed an orc warlord
 19776 | Orc:1    | Killed an orc warlord
 19865 | Orc:1    | Reached skill level 16 in Fighting
 20520 | Orc:1    | Paralysed by an orc sorcerer for 7 turns
 20897 | Orc:2    | Entered Level 2 of the Orcish Mines
 21076 | Orc:2    | Noticed an orc warlord
 21121 | Orc:2    | Killed an orc warlord
 21191 | Orc:2    | Found Kuekut's Antique Armour Boutique.
 21196 | Orc:2    | Found Iropt's Antique Weapon Shop.
 21400 | Orc:2    | Noticed an orc warlord
 21404 | Orc:2    | Found a staircase to the Elven Halls.
 21422 | Orc:2    | Reached XP level 16. HP: 139/139 MP: 21/21
 21785 | Orc:2    | Found Batecamo's Magic Scroll Shop.
 21816 | Orc:2    | Bought a scroll of holy word for 90 gold pieces
 21816 | Orc:2    | Bought a scroll of fear for 42 gold pieces
 21816 | Orc:2    | Bought a scroll of immolation for 42 gold pieces
 22245 | Orc:2    | Found Renoh's Antique Weapon Shop.
 22560 | Snake:1  | Entered Level 1 of the Snake Pit
 22611 | Snake:1  | Found Soenuzio's Antique Armour Boutique.
 22692 | Snake:1  | Reached skill level 17 in Fighting
 22695 | Snake:1  | Found Feru's Magic Scroll Boutique.
 22729 | Snake:1  | Bought a scroll of blinking for 135 gold pieces
 22729 | Snake:1  | Bought a scroll of magic mapping for 63 gold pieces
 22729 | Snake:1  | Bought a scroll of magic mapping for 63 gold pieces
 23407 | Snake:1  | Reached skill level 15 in Armour
 23588 | Snake:1  | Reached skill level 5 in Spellcasting
 24257 | Snake:2  | Found a runed translucent door.
 24423 | Snake:2  | Reached skill level 18 in Fighting
 24492 | Snake:2  | Identified the +0 chain mail of Dust Devil {*Corrode Str+5
                  | Int+3}
 24857 | Snake:2  | Identified the +7 dagger "Woax" {flame, rElec rPois rF-
                  | Stlth+}
 24887 | Snake:2  | Found a shadowy altar of Dithmenos.
 25400 | Snake:3  | Noticed a nagaraja
 25686 | Snake:3  | Reached XP level 17. HP: 139/151 MP: 26/26
 25809 | Snake:3  | Found Footi's Distillery.
 25809 | Snake:3  | Found Raoj's Antique Weapon Shoppe.
 26925 | D:1      | Bought a scroll of brand weapon for 340 gold pieces
 26925 | D:1      | Bought a wand of paralysis (9) for 34 gold pieces
 26925 | D:1      | Bought a wand of mindburst (13) for 68 gold pieces
 27585 | D:13     | Reached skill level 19 in Fighting
 28077 | D:14     | Found a flagged portal.
 28087 | Bailey   | Entered a bailey
 28220 | Bailey   | Acquired a manual of Necromancy
 28223 | Bailey   | Reached skill level 10 in Shields
 28223 | Bailey   | Reached XP level 18. HP: 160/160 MP: 28/28
 28224 | Bailey   | Reached XP level 19. HP: 167/167 MP: 30/30
 28379 | Bailey   | Reached skill level 15 in Dodging
 28648 | D:14     | Found a large runed translucent door.
 28649 | D:14     | Found a large runed translucent door.
 28702 | D:14     | Noticed Spaninq's ghost (adept DEFE)
 28702 | D:14     | Found the +4 robe of Folly {Brilliance Will-∞ Int+8}
 29038 | D:14     | Found a gate to the Vaults.
 29333 | D:15     | Entered Level 15 of the Dungeon
 29480 | D:15     | Found a sacrificial altar of Ru.
 29827 | D:15     | Reached skill level 20 in Fighting
 30255 | D:15     | Found Wali's Jewellery Emporium.
 30444 | D:15     | Found a staircase to the Depths.
 30928 | Shoals:1 | Entered Level 1 of the Shoals
 31341 | Shoals:1 | Learned a level 8 spell: Ignition
 31999 | Shoals:2 | Reached skill level 5 in Fire Magic
 32107 | Shoals:2 | Identified the +2 helmet of the Distant Future {rN+ Will+
                  | Int-5 Slay+3}
 32156 | Shoals:2 | Reached XP level 20. HP: 178/178 MP: 32/32
 33568 | Shoals:4 | Entered Level 4 of the Shoals
 33753 | Shoals:4 | Got a barnacled rune of Zot
 33843 | Shoals:4 | Identified the +4 mace of Osymeil {vorpal, rCorr SInv}
 34334 | Shoals:4 | Noticed Polyphemus
 34347 | Shoals:4 | Reached skill level 21 in Fighting
 34372 | Shoals:4 | Killed Polyphemus
 34428 | Shoals:4 | Noticed Kirke
 34440 | Shoals:4 | Killed Kirke
 35074 | Elf:1    | Entered Level 1 of the Elven Halls
 35076 | Elf:1    | Paralysed by an air elemental for 1 turns
 35200 | Elf:1    | Noticed Agnes
 35213 | Elf:1    | Killed Agnes
 35722 | Elf:1    | Reached skill level 10 in Spellcasting
 35837 | Elf:1    | Noticed Frances
 35861 | Elf:1    | Killed Frances
 36149 | Elf:1    | Noticed Aizul
 36190 | Elf:1    | Killed Aizul
 36366 | Elf:1    | Noticed a Brimstone Fiend
 36808 | Elf:2    | Reached XP level 21. HP: 187/187 MP: 35/35
 37114 | Elf:2    | Identified Roxanne's Grimoire of Clay
 37114 | Elf:2    | Noticed Roxanne
 37162 | Elf:2    | Killed Roxanne
 37238 | Elf:2    | Paralysed by an air elemental for 1 turns
 37246 | Elf:2    | Paralysed by an air elemental for 1 turns
 37398 | Elf:2    | Found a huge runed translucent gate.
 37398 | Elf:2    | Found a huge runed translucent gate.
 37405 | Elf:2    | Found a huge runed translucent gate.
 37406 | Elf:2    | Found a huge runed translucent gate.
 37407 | Elf:2    | Found a huge runed translucent gate.
 38025 | Elf:3    | Entered Level 3 of the Elven Halls
 38071 | Elf:3    | Paralysed by an air elemental for 1 turns
 38077 | Elf:3    | Paralysed by an air elemental for 1 turns
 38976 | Elf:3    | Identified the +11 quarterstaff of Ellyzouc {freeze, Int+4
                  | SInv}
 39065 | Elf:3    | Identified the ring "Rymy" {Fly rF+ Int+6}
 39106 | Elf:3    | Got the Catalogue of Lethal Orientation
 39503 | Temple   | Entered the Ecumenical Temple
 39518 | Temple   | Fell from the grace of Ignis
 39518 | Temple   | Became a worshipper of Cheibriados the Contemplative
 39749 | Snake:4  | Entered Level 4 of the Snake Pit
 39860 | Snake:4  | Found Sumeboz's Antique Weapon Emporium.
 39875 | Snake:4  | Bought a crystal flail for 246 gold pieces
 39875 | Snake:4  | Identified the +7 flail of Gugepo Xolu {vorpal, *Rage rF-
                  | rN+++ rCorr} (You bought it in a shop on level 4 of the
                  | Snake Pit)
 39875 | Snake:4  | Bought a dazzling whip for 217 gold pieces
 39875 | Snake:4  | Identified the +7 whip of Piseb {vorpal, Dex+2} (You bought
                  | it in a shop on level 4 of the Snake Pit)
 40009 | Snake:4  | Found Zochacw's Book Shoppe.
 40010 | Snake:4  | Found Jacvi's Jewellery Shop.
 40012 | Snake:4  | Found Zutt's Book Shoppe.
 40024 | Snake:4  | Bought the ring "Fidghok" {rElec rPois Int+6 Stlth+} for
                  | 1192 gold pieces
 40026 | Snake:4  | Bought a Necronomicon for 672 gold pieces
 40036 | Snake:4  | Learned a level 8 spell: Necromutation
 40116 | Snake:4  | Reached * piety under Cheibriados
 40387 | Snake:4  | Reached skill level 22 in Fighting
 40463 | Snake:4  | Reached ** piety under Cheibriados
 40597 | Snake:4  | Reached *** piety under Cheibriados
 40598 | Snake:4  | Reached XP level 22. HP: 98/196 MP: 37/37
 40644 | Snake:4  | Reached skill level 10 in Fire Magic
 40787 | Snake:4  | Got a serpentine rune of Zot
 41274 | Vaults:1 | Entered Level 1 of the Vaults
 41492 | Vaults:1 | Reached **** piety under Cheibriados
 41604 | Vaults:1 | You fall into a shaft and drop 1 floor!
 41718 | Vaults:2 | Reached skill level 15 in Shields
 41739 | Vaults:2 | You fall into a shaft and drop 1 floor!
 41784 | Vaults:3 | You fall into a shaft and drop 1 floor!
 41798 | Vaults:4 | Reached ***** piety under Cheibriados
 41836 | Vaults:4 | Reached skill level 1 in Invocations
 42098 | Vaults:4 | Reached skill level 5 in Invocations
 42154 | Vaults:4 | Found Silyt's Distillery.
 42172 | Vaults:4 | Found Vuomakix's Armour Shop.
 42339 | Vaults:4 | Was forgiven by Ignis
 42575 | Vaults:4 | Reached ****** piety under Cheibriados
 42929 | Vaults:3 | Identified the +6 arbalest of Ashenzari's Favour {elec, rF-
                  | rC++ Dex+7}
 43205 | Vaults:3 | You fall into a shaft and drop 1 floor!
 43559 | Vaults:4 | Found Kipnofe's Antique Weapon Shop.
 43733 | Vaults:4 | Found a transporter.
 43851 | Vaults:3 | Reached XP level 23. HP: 203/203 MP: 39/39
 44545 | Vaults:3 | Identified the +1 ring mail of the Meadowlark {rElec Will+
                  | Stlth+}
 44815 | Vaults:2 | Acquired a manual of Dodging
 44924 | Vaults:2 | Reached skill level 10 in Invocations
 45218 | Vaults:2 | Found a staircase to the Crypt.
 46355 | Vaults:1 | Noticed Asterion
 46358 | Vaults:1 | Noticed Sojobo
 46387 | Vaults:1 | Killed Asterion
 46390 | Vaults:1 | Killed Sojobo
 46488 | Vaults:1 | Found a huge runed gate.
 46488 | Vaults:1 | Found a huge runed gate.
 46488 | Vaults:1 | Found a huge runed gate.
 46488 | Vaults:1 | Found a huge runed gate.
 46488 | Vaults:1 | Found a huge runed gate.
 46488 | Vaults:1 | Found a huge runed gate.
 46489 | Vaults:1 | Found a huge runed gate.
 46489 | Vaults:1 | Found a huge runed gate.
 46489 | Vaults:1 | Found a huge runed gate.
 46489 | Vaults:1 | Found a huge runed gate.
 46497 | Vaults:1 | Found a huge runed gate.
 46497 | Vaults:1 | Found a huge runed gate.
 46497 | Vaults:1 | Found a huge runed gate.
 46497 | Vaults:1 | Found a huge runed gate.
 46497 | Vaults:1 | Found a huge runed gate.
 46497 | Vaults:1 | Found a huge runed gate.
 46503 | Vaults:1 | Found a huge runed gate.
 46503 | Vaults:1 | Found a huge runed gate.
 46504 | Vaults:1 | Found a huge runed gate.
 46513 | Vaults:1 | Found a huge runed gate.
 46513 | Vaults:1 | Found a huge runed gate.
 46513 | Vaults:1 | Found a huge runed gate.
 46513 | Vaults:1 | Found a huge runed gate.
 46513 | Vaults:1 | Found a huge runed gate.
 46513 | Vaults:1 | Found a huge runed gate.
 46513 | Vaults:1 | Found a huge runed gate.
 46514 | Vaults:1 | Found a huge runed gate.
 46515 | Vaults:1 | Found a huge runed gate.
 46524 | Vaults:1 | Found a huge runed gate.
 46524 | Vaults:1 | Found a huge runed gate.
 46524 | Vaults:1 | Found a huge runed gate.
 46524 | Vaults:1 | Found a huge runed gate.
 46524 | Vaults:1 | Found a huge runed gate.
 46524 | Vaults:1 | Found a huge runed gate.
 46524 | Vaults:1 | Found a huge runed gate.
 46525 | Vaults:1 | Found a huge runed gate.
 46527 | Vaults:1 | Identified the ring of Borutin {Wiz Str+3}
 46539 | Vaults:1 | Noticed Lukheov's ghost (veteran DrWn)
 46539 | Vaults:1 | Noticed Wimurch's ghost (veteran GnFi)
 46539 | Vaults:1 | Noticed Qanuace's ghost (veteran DsFi)
 46539 | Vaults:1 | Noticed Xafer's ghost (adept DsGl)
 46539 | Vaults:1 | Noticed Fumalo's ghost (veteran MiBe)
 46539 | Vaults:1 | Noticed Forgeling's ghost (adept FeEn)
 46539 | Vaults:1 | Noticed Budghuxen's ghost (veteran HOFi)
 46539 | Vaults:1 | Noticed Siol's ghost (adept OgEn)
 46833 | Vaults:1 | Killed Forgeling's ghost
 47176 | Vaults:1 | Killed Wimurch's ghost
 47289 | Vaults:1 | Killed Xafer's ghost
 47312 | Vaults:1 | Killed Siol's ghost
 47329 | Vaults:1 | Killed Qanuace's ghost
 47947 | Vaults:1 | Killed Lukheov's ghost
 48016 | Vaults:1 | Killed Fumalo's ghost
 48027 | Vaults:1 | Identified the +9 plate armour "Kozaur" {rF+ rN++ Int-4
                  | Dex+3}
 48137 | Vaults:1 | Killed Budghuxen's ghost
 49241 | Vaults:4 | Found a transporter.
 49320 | Vaults:4 | Noticed an ancient lich
 49339 | Vaults:4 | Killed an ancient lich
 49369 | Vaults:4 | Identified the ring "Werim" {rPois rN+}
 49383 | Vaults:4 | Identified the ring "Uvacur" {rPois rF+}
 49385 | Vaults:4 | Identified the ring of Gidairgh {rF+ rC- Will+ Str+6
                  | Slay+3}
 49463 | Vaults:5 | Entered Level 5 of the Vaults
 49561 | Vaults:4 | Reached XP level 24. HP: 187/210 MP: 39/39
 49702 | Vaults:5 | Reached skill level 15 in Fire Magic
 49897 | Vaults:5 | Noticed an ancient lich
 49897 | Vaults:5 | Noticed Xtahua
 49899 | Vaults:5 | Killed from afar by an ancient lich

Illustrated notes

Levels and vault maps discovered:
D:1:      psy_arrival_whirlpool, layout_loops_cross, serial_shops,
          nicolae_shop_waterfront, shop, shop, shop,
          hellmonk_ecumenical_altar_defaced_shrine, minmay_misc_feat_x,
          minmay_misc_feat_doors, minmay_split_cup_small
D:2:      layout_basic
D:3:      layout_rooms, mainiacjoe_overflow_alcove_2,
          mainiacjoe_overflow_cross_hatched
D:4:      layout_basic, nicolae_elyvilon_peaceful_grove,
          chequers_temple_overflow_statue_of_worship
D:5:      layout_basic, lemuel_doored_altar, serial_curves, eino_curves_02,
          eino_curves_04, eino_curves_03, chequers_jeans
D:6:      layout_basic, amcnicky_altar_gilded, portal_sewer_entry_c
D:7:      minmay_chambers_of_fours, layout_basic, mainiacjoe_overflow_paths,
          minmay_temple_entry_grid, chequers_serial_rivers_room_a,
          dk_noncrumbling_2
D:8:      layout_loops_corners, hangedman_misty_isle
D:9:      layout_small_grid, minmay_misc_feat_iff, uniq_maurice
D:10:     layout_irregular_city, fiery_altar_vehumet,
          nemelex_xobeh_ov_fountains_minmay, david_lair_generic
D:11:     layout_basic, david_orc_5, serial_glass, glass_columns_a,
          glass_columns_c, hangedman_weighted_door, uniq_gastronok,
          uniq_nergalle
D:12:     layout_irregular_city, portal_ice_cave_entry_pillars_2,
          gauntlet_entry_generic, evilmike_minifort, uniq_nessos
D:13:     layout_loops_ring, serial_bayou, serial_bayou_shore_a,
          serial_bayou_crossing, serial_bayou_ford_a, serial_bayou_pond_e
D:14:     layout_irregular_city, david_vaults_2, ebering_ghost_disaster_area,
          minmay_misc_feat_alley, enter_bailey_4
D:15:     gammafunk_enter_depths_forms, layout_loops_corners,
          corexii_hall_statues_s, serial_shops, shop, hangedman_ru_absence
Temple:   compressed_dpeg_circular_temple
Lair:1:   layout_loops_ring, grunt_megastairs_3
Lair:2:   layout_cave_shapes, shoals_dummy_entry, st_stairs_4, uniq_erica
Lair:3:   layout_chaotic_city, guppyfry_snake_entry_garden,
          lightli_volcano_entry_magma_tube, lemuel_fruit_fields, uniq_snorg
Lair:4:   layout_regular_city, maelrawn_ghost_gauntlet_escape, ldierk_geyser
Lair:5:   layout_cave_pods, slime_dummy
Lair:6:   evilmike_catoblepas_cave, layout_small_grid,
          hangedman_lair_generics_rect, uniq_urug
Shoals:1: layout_shoals, nzn_prometheus_bound
Shoals:2: layout_shoals, nicolae_shoals_secluded_bog
Shoals:3: layout_shoals, hangedman_shoal_volcano
Shoals:4: shoals_end_hangedman, layout_shoals, uniq_polyphemus, uniq_kirke
Snake:1:  layout_basic, minmay_shop_star
Snake:2:  layout_cave_pods, basic_altar, nicolae_snake_serpentine_hallways,
          nicolae_snake_gridmaze_swirls, nicolae_snake_gridmaze_tees, drop_trap,
          lightli_airlock
Snake:3:  layout_onion, minmay_shoptagon, lemuel_fruit_tree
Snake:4:  johnstein_snake_rune_scales, layout_rooms, serial_shops, shop,
          grunt_ministairs_12, minmay_shop_grove
Orc:1:    orc_temple, layout_caves, basic_altar, nicolae_orc_pool_cavern,
          lightli_orcish_oven
Orc:2:    grunt_orc_community_town_hall, layout_diamond_mine,
          grunt_orc_community_big_house_2, grunt_orc_community_big_house_2,
          grunt_orc_community_house_1, grunt_orc_community_house_3,
          grunt_orc_community_house_2, grunt_orc_community_house_3,
          grunt_orc_community_house_2, grunt_orc_community_house_1
Elf:1:    nicolae_elf_arrival_aired_out, layout_gridlike,
          minmay_elf_crystal_hexagon, uniq_frances, uniq_agnes, uniq_aizul
Elf:2:    elven_hall_of_blades_hangedman_alternative
          [nicolae_vaults_blade_armed_guards], layout_gridlike, uniq_roxanne
Elf:3:    grunt_elf_hall_diamonds, layout_loops_cross, nrook_uturn,
          hangedman_elf_simple_split
Vaults:1: gammafunk_vaults_ghost_door_vault, v_misc_9,
          vaults_room_stairs_pillars, vaults_mumra_minichess_inversion,
          ontoclasm_vaults_spin, v_misc_10, grunt_vaults_bifocal,
          grunt_vaults_diagonal, vaults_room_corners, sword_in_stone,
          layout_vaults_omnigrid
Vaults:2: nicolae_vaults_network_quinsquares
          [nicolae_vaults_network_quincunx_subvault,
          nicolae_vaults_network_quincunx_subvault,
          nicolae_vaults_network_quincunx_subvault,
          nicolae_vaults_network_quincunx_subvault], ontoclasm_vaults_twist,
          nicolae_vaults_display_case, ontoclasm_vaults_shuriken,
          minmay_crypt_entry_simple_corners, v_misc_3, vaults_dpeg_diagonal,
          v_misc_24, ontoclasm_vaults_hangar, nicolae_vaults_big_ls,
          grunt_vaults_focal, nicolae_vaults_what_the_h,
          nicolae_vaults_mini_display_case, layout_vaults_omnicross
Vaults:3: nicolae_vaults_stairing_the_circle, hangedman_vaults_slice,
          v_alt_pattern_3, v_alt_pattern_1, vaults_room_semicircle,
          vaults_dpeg_hooks, vaults_dpeg_doors, vaults_mumra_lcd, v_misc_8,
          hangedman_vaults_slice, vaults_room_door_ring,
          nicolae_vaults_yaktaur_gun_rack, vaults_room_door_ring,
          layout_vaults_chaotic_city
Vaults:4: v_misc_30, grunt_vaults_twisty, v_misc_4, nicolae_vaults_network_star,
          nicolae_vaults_little_squares_3, gammafunk_its_a_trap,
          vaults_mumra_hexcomb, nicolae_vaults_network_barrier,
          nicolae_vaults_theta, vaults_room_pool, vaults_dpeg_ring,
          layout_vaults_omnibox, serial_shops, shop, shop,
          nicolae_shop_statue_plus
Vaults:5: serial_shops, uniq_xtahua

Skill      XL: |  1  2  3  4  5  6  7  8  9 10 11 12 13 14 15 16 17 18 19 20 21 22 23 24 |
---------------+-------------------------------------------------------------------------+-----
Spellcasting   | 2 3 6 7 8 10 11 12 | 12.2
Fire Magic     | 4 5 7 9 10 12 17 | 17.9
Short Blades   | 2 3 5 8 10 | 10.8
Long Blades    | 4 10 13 | 13.2
Armour         | 1 4 7 9 11 12 13 14 15 16 17 18 19 | 19.5
Dodging        | 4 6 8 10 11 12 13 14 15 16 17 | 17.9
Fighting       | 6 8 10 11 13 14 16 18 19 20 21 22 | 22.0
Throwing       | 3 4 6 |  6.0
Evocations     | 2 5 8 10 11 12 | 12.0
Shields        | 1 6 8 10 11 12 13 14 15 | 15.0
Invocations    | 8 12 | 12.3

Action                   |  1- 3 |  4- 6 |  7- 9 | 10-12 | 13-15 | 16-18 | 19-21 | 22-24 || total
-------------------------+-------+-------+-------+-------+-------+-------+-------+-------++-------
Melee: Falchion          |    62 |    15 |       |       |       |       |       |       ||    77
       Dagger            |       |   104 |   130 |   453 |  1607 |   169 |   111 |       ||  2574
       Quick blade       |       |       |       |       |   746 |  1148 |  3375 |  2173 ||  7442
       Long sword        |       |       |       |       |       |       |       |   264 ||   264
       Demon blade       |       |       |       |       |       |       |       |   268 ||   268
Throw: Dart              |       |       |       |     3 |     4 |       |     2 |       ||     9
       Throwing net      |       |       |       |     1 |       |       |       |       ||     1
 Cast: Scorch            |    22 |    43 |    91 |   137 |   116 |       |       |       ||   409
Invok: Foxfire Swarm     |       |       |     2 |     2 |       |     1 |       |       ||     5
       Sea of Fire       |       |       |       |     1 |     1 |       |       |       ||     2
       Slouch            |       |       |       |       |       |       |       |     3 ||     3
       Bend Time         |       |       |       |       |       |       |       |     2 ||     2
 Abil: Hop               |       |     1 |     1 |     3 |     3 |     3 |     4 |     8 ||    23
Evoke: Wand              |       |       |       |    10 |    16 |    57 |    20 |    14 ||   117
       Phial of floods   |       |       |       |       |     1 |     3 |     1 |       ||     5
       Lightning rod     |       |       |       |       |       |     5 |       |       ||     5
       Box of beasts     |       |       |       |       |       |     1 |     5 |     4 ||    10
       Tin of tremorston |       |       |       |       |       |       |     4 |     8 ||    12
       Condenser vane    |       |       |       |       |       |       |     2 |     6 ||     8
  Use: Scroll            |       |     8 |     8 |     8 |    14 |     5 |     3 |    18 ||    64
       Potion            |       |       |     1 |     2 |     2 |     8 |     7 |     6 ||    26
 Stab: Paralysed         |       |       |       |       |    11 |     2 |       |       ||    13
       Petrified         |       |       |       |       |     2 |       |       |       ||     2
       Distracted        |       |       |       |       |       |       |     2 |     4 ||     6
       Sleeping          |       |       |       |       |       |       |       |     1 ||     1
Armor: Robe              |    13 |    26 |    27 |       |       |       |       |       ||    66
       Leather armour    |       |       |    13 |    78 |       |     1 |       |       ||    92
       Chain mail        |       |       |       |    66 |       |   225 |   848 |   525 ||  1664
       Ring mail         |       |       |       |    31 |   430 |       |       |       ||   461
       Crystal plate arm |       |       |       |       |   517 |   251 |       |       ||   768
       Plate armour      |       |       |       |       |       |       |       |   161 ||   161
Dodge: Dodged            |    51 |    53 |    45 |   217 |   686 |   233 |   780 |  1530 ||  3595
Block: Other             |    13 |    20 |    26 |    36 |       |       |       |       ||    95
       Reflection        |     1 |       |     4 |       |       |       |    28 |       ||    33
       Buckler           |       |       |       |       |   182 |   108 |   933 |  1081 ||  2304
       Kite shield       |       |       |       |       |       |   239 |       |       ||   239

Table legend: (Time is in decaauts)
 A = Elapsed time spent in this place.
 B = Non-inter-level travel time spent in this place.
 C = Inter-level travel time spent in this place.
 D = Time resting spent in this place.
 E = Time spent auto-exploring this place.
 F = Levels seen in this place.
 G = Mean time per level.
                   A        B        C        D        E       F      G
               +--------+--------+--------+--------+--------+-----+--------+
         Total |  57331 |  49086 |   8245 |   3318 |  30714 |  44 | 1303.0 |
       Dungeon |  19123 |  15660 |   3463 |   1405 |  10812 |  15 | 1274.9 |
        Temple |     34 |     18 |     16 |      0 |      0 |   1 |   34.0 |
          Lair |   7649 |   6211 |   1438 |    422 |   3969 |   6 | 1274.8 |
        Shoals |   3805 |   3491 |    314 |      3 |   2315 |   4 |  951.2 |
     Snake Pit |   5910 |   4963 |    947 |    613 |   2574 |   4 | 1477.5 |
  Orcish Mines |   2713 |   2437 |    276 |      5 |   1561 |   2 | 1356.5 |
   Elven Halls |   4324 |   3794 |    530 |    487 |   1855 |   3 | 1441.3 |
        Vaults |  12344 |  11087 |   1257 |    251 |   7367 |   5 | 2468.8 |
         Sewer |    245 |    245 |      0 |     68 |     67 |   1 |  245.0 |
        Bailey |    259 |    259 |      0 |     32 |     76 |   1 |  259.0 |
      Ice Cave |    595 |    595 |      0 |      0 |      0 |   1 |  595.0 |
       Volcano |    325 |    325 |      0 |     29 |    115 |   1 |  325.0 |
               +--------+--------+--------+--------+--------+-----+--------+

Top non-repeatable levels by time:
Vaults:1: 3981 daAuts
Vaults:4: 3231 daAuts
Vaults:3: 2832 daAuts
 Snake:2: 2145 daAuts
Vaults:2: 2137 daAuts
    D:11: 1758 daAuts
  Lair:6: 1708 daAuts
    D:10: 1705 daAuts
   Elf:1: 1658 daAuts
     D:7: 1583 daAuts
   Elf:2: 1479 daAuts
 Snake:4: 1461 daAuts
  Lair:1: 1447 daAuts
    D:15: 1413 daAuts
   Orc:2: 1403 daAuts
